 Dungeon Sprint DCSS version 0.22.1-1-ga44c0e56f4 (webtiles) character file.

128 MuseOD the Spear-Bearer (level 5, -6/46 HPs)
             Began as a Merfolk Berserker on Oct 5, 2018.
             Was a Follower of Trog.
             Mangled by a neqoxec (9 damage)
             ... in the Dungeon (Sprint II: "The Violet Keep of Menkaure").
             The game lasted 00:00:16 (34 turns).

MuseOD the Spear-Bearer (Merfolk Berserker)           Turns: 34, Time: 00:00:17

Health: -6/46      AC:  2    Str: 19      XL:     5   Next: 11%
Magic:  4/4        EV: 15    Int:  4 (6)  God:    Trog [*.....]
Gold:   0          SH:  0    Dex: 13      Spells: 4/4 levels left

rFire    . . .     SeeInvis .   a - +0 spear
rCold    . . .     Gourm    .   (no shield)
rNeg     . . .     Faith    .   b - +0 animal skin
rPois    .         Spirit   .   (no helmet)
rElec    .         Reflect  .   (no cloak)
rCorr    .         Harm     .   (no gloves)
MR       .....     Rnd*Rage +   (no boots) Stlth +.........NoTele +
                                (no amulet)
HPRegen  0.15/turn              (no ring)
MPRegen  0.09/turn              (no ring)

@: berserk cooldown, slowed, very slow
A: change form in water, swift swim, stealthy swim, berserk 1, low mp 2
a: Berserk, Renounce Religion


You were in the Dungeon.
You worshipped Trog.
Trog was aware of your devotion.
You were not hungry.

You visited 1 branch

Inventory:

Hand Weapons
 a - a +0 spear (weapon)
Armour
 b - a +0 animal skin (worn)
Scrolls
 i - a scroll of blinking
Potions
 d - a potion of curing
 e - a potion of heal wounds
 f - a potion of haste
 g - 2 potions of magic
 h - a potion of berserk rage
Comestibles
 c - a ration


   Skills:
 + Level 5.7 Fighting
 * Level 9.8 Polearms
 + Level 3.5 Armour
 + Level 6.2 Dodging


You had 4 spell levels left.
You didn't know any spells.
Your spell library was empty.

Dungeon Overview and Level Annotations

Branches:
Dungeon (1/1)

Altars:


Innate Abilities, Weirdness & Mutations

You revert to your normal form in water.
You are very nimble and swift while swimming.
You are very stealthy in the water. (Stealth+)
You tend to lose your temper in combat.
Your magical capacity is very low. (-20% MP)


Message History

Something feeds on your intellect!
The ufetubus is engulfed in a cloud of scalding steam.
The neqoxec gestures.
You barely miss the iron imp.
Unknown command.
You puncture the neqoxec!
The neqoxec is heavily wounded.
The neqoxec barely misses you.
The iron imp summons a swarm of flies.
The iron imp hits you!
* * * LOW HITPOINT WARNING * * *
You hit the neqoxec but do no damage.
The neqoxec is heavily wounded.
The neqoxec hits you!
* * * LOW HITPOINT WARNING * * *
The iron imp hits you but does no damage.
You barely miss the neqoxec.
The neqoxec is heavily wounded.
The neqoxec hits you!
You die...

## ## .##
w# ww .#.
## #+#
##..#
##.###
3#..#
+.<.5##35.
##.##@#.#
#+###3#
###


You could see a neqoxec and an iron imp.

Vanquished Creatures
  A neqoxec (D)
1 creature vanquished.

Vanquished Creatures (others)
  A crocodile (D)
1 creature vanquished.

Grand Total: 2 creatures vanquished

Notes
Turn   | Place    | Note
-------+----------+-------------------------------------------
     0 | D        | MuseOD the Merfolk Berserker began the quest for the Orb.
     0 | D        | Reached XP level 1. HP: 18/18 MP: 1/1
     4 | D        | Noticed a neqoxec
     5 | D        | Gained mutation: You tend to lose your temper in combat. [a
                  | neqoxec]
    11 | D        | Killed a neqoxec
    11 | D        | Reached skill level 5 in Fighting
    11 | D        | Reached skill level 9 in Polearms
    11 | D        | Reached XP level 2. HP: 28/28 MP: 2/2
    11 | D        | Reached XP level 3. HP: 34/34 MP: 3/3
    11 | D        | Reached XP level 4. HP: 40/40 MP: 4/4
    11 | D        | Reached XP level 5. HP: 46/46 MP: 5/5
    14 | D        | Noticed a neqoxec
    15 | D        | Noticed a neqoxec
    15 | D        | Gained mutation: Your magical capacity is low. (-10% MP) [a
                  | neqoxec]
    26 | D        | Gained mutation: Your magical capacity is very low. (-20%
                  | MP) [a neqoxec]
    26 | D        | Killed a crocodile
    29 | D        | Noticed a neqoxec
    34 | D        | Mangled by a neqoxec

Skill      XL: |  1 |
---------------+----+-----
Fighting       | 5 |  5.7
Polearms       | 9 |  9.8
Armour         | 3 |  3.5
Dodging        | 6 |  6.2

Action                   |  1- 3 |  4- 6 || total
-------------------------+-------+-------++-------
Melee: Spear             |     6 |    19 ||    25
Invok: Berserk           |     1 |       ||     1
Armor: Animal skin       |       |     1 ||     1
Dodge: Dodged            |     1 |     4 ||     5
